 Dungeon Crawl Stone Soup version 0.31.0-10-gcf4a605ca0 (webtiles) character file.

Game seed: 8798641865621191975

156 zenocrate the Sneak (level 5, -3/24 HPs)
             Began as a Vine Stalker Enchanter on Jan 25, 2024.
             Slain by a gnoll
             ... wielding a +0 halberd
              (8 damage)
             ... on level 4 of the Dungeon.
             The game lasted 00:02:19 (2469 turns).

zenocrate the Sneak (Vine Stalker Enchanter)        Turns: 2469, Time: 00:02:20

Health: -3/24      AC:  2    Str: 11    XL:     5   Next: 37%
Magic:  0/9        EV: 13    Int: 15    God:
Gold:   150        SH:  0    Dex: 16    Spells: 0/8 levels left

rFire   . . .        b - +2 short sword (freeze)
rCold   . . .        (no shield)
rNeg    . . .        r - +0 robe
rPois   .            (no helmet)
rElec   .            (no cloak)
rCorr   .            (no gloves)
SInv    .            (no boots)
Will    .....        (no amulet)
Stlth   +++          j - +4 ring of slaying
HPRegen 1.04/turn    (no ring)
MPRegen 0.11/turn

%: guardian spirit
@: no status effects
A: fangs 2, regeneration 1, magic shield, antimagic bite, no potion heal 2
a: no special abilities


You were on level 4 of the Dungeon.
You visited 1 branch of the dungeon, and saw 4 of its levels.

You collected 150 gold pieces.

Inventory:

Hand Weapons
 a - a +1 dagger
 b - a +2 short sword of freezing (weapon)
Missiles
 h - 6 poisoned darts (quivered)
Armour
 r - a +0 robe (worn)
Jewellery
 j - a +4 ring of slaying (left hand)
Scrolls
 g - a scroll of blinking {unknown}
 k - a scroll of vulnerability {unknown}
 m - 4 scrolls of teleportation
 n - a scroll of amnesia {unknown}
 p - a scroll of fog {unknown}
 q - a scroll of revelation {unknown}
Potions
 c - 2 potions of invisibility
 d - a potion of mutation
 f - a potion of attraction
 l - 3 potions of curing {unknown}
 o - a potion of berserk rage {unknown}
 s - a potion of magic {unknown}
 t - a potion of might {unknown}
 u - a potion of haste {unknown}


   Skills:
 + Level 2.0 Short Blades
 + Level 2.8 Dodging
 + Level 4.5 Stealth
 - Level 2.1 Spellcasting
 + Level 3.6 Hexes
 * Level 1.7 Ice Magic


You couldn't memorise any spells.
You knew the following spells:

 Your Spells              Type           Power      Damage    Failure   Level
a - Ensorcelled Hibernat  Hex/Ice        18%        N/A       11%         2
b - Confusing Touch       Hex            12%        N/A       16%         3
c - Tukima's Dance        Hex            12%        N/A       16%         3

Your spell library contained the following spells:

 Spells                   Type           Power      Damage    Failure   Level
 Jinxbite                 Hex            24%        N/A       8%          2
 Dazzling Flash           Conj/Hex       14%        N/A       30%         3
 Yara's Violent Unravell  Hex/Alch       3%         3d4       96%         5
 Enfeeble                 Hex            6%         N/A       100%        7


Dungeon Overview and Level Annotations

Branches:
Dungeon (4/15)
 Temple: D:4-7

Altars:


Innate Abilities, Weirdness & Mutations

You have extremely sharp teeth.
Your natural rate of healing is unusually fast.
When hurt, damage is shared between your health and your magic reserves.
Your bite disrupts and absorbs the magic of your enemies.
Potions cannot restore your health.


Message History

Found a scroll labelled NECSUL KUCOTZ.
A gnoll comes into view. It is wielding a +0 flail.
The helpless giant cockroach fails to defend itself.
You puncture the giant cockroach! You freeze the giant cockroach.
You kill the giant cockroach!
The gnoll shouts!
You hear a shout! 2 gnolls come into view.
A gnoll is wielding a +0 spear and quivering a throwing net.
A gnoll comes into view. It is wielding a +0 whip.
The gnoll moves out of view.
There are monsters nearby!
The gnoll closely misses you.
The gnoll shouts! x2
You hit the gnoll. You freeze the gnoll. You bite the gnoll.
You drain its power.
The gnoll is severely wounded.
The gnoll hits you from afar with a +0 spear.
You puncture the gnoll! You freeze the gnoll.
You kill the gnoll!
The gnoll throws a throwing net.
The throwing net closely misses you.
Your Short Blades skill increases to level 2!
The gnoll hits you from afar with a +0 spear!
You see here a +0 flail.
The gnoll hits you from afar with a +0 spear!
The gnoll attacks as it pursues you! The gnoll closely misses you.
The gnoll attacks as it pursues you! The gnoll barely misses you.
The gnoll closely misses you.
Unknown command.
The gnoll attacks as it pursues you! The gnoll hits you with a +0 whip!
The gnoll attacks as it pursues you!
The gnoll hits you from afar with a +0 halberd.
The gnoll attacks as it pursues you!
The gnoll hits you from afar with a +0 spear.
There is a stone staircase leading up here.
Unknown command.
The gnoll hits you with a +0 whip.
* * * LOW HITPOINT WARNING * * *
The gnoll closely misses you.
The gnoll hits you from afar with a +0 halberd!
You die...

.........# .....
.........#####.....
............(......
.......)...........
............†......
...................
........gg.........
........g..........
####....@..........
####............
#............
#............
########..... ....
##


You could see 3 gnolls.

Vanquished Creatures
  An orc wizard (D:3)
  4 gnolls
  3 adders (D:2)
  A dart slug (D:3)
  A ribbon worm (D:3)
  4 orcs (D:3)
  6 ball pythons
  5 endoplasms
  2 giant cockroaches
  5 goblins
  8 hobgoblins
  7 kobolds
  5 bats
  3 frilled lizards (D:1)
  3 rats (D:1)
58 creatures vanquished.

Notes
Turn   | Place    | Note
-------+----------+-------------------------------------------
     0 | D:1      | zenocrate the Vine Stalker Enchanter began the quest for
                  | the Orb.
     0 | D:1      | Reached XP level 1. HP: 9/9 MP: 4/4
    20 | D:1      | Reached skill level 1 in Short Blades
    94 | D:1      | Reached XP level 2. HP: 13/13 MP: 4/6
   101 | D:1      | Learned a level 2 spell: Ensorcelled Hibernation
   392 | D:1      | Reached skill level 4 in Stealth
   514 | D:1      | Reached XP level 3. HP: 16/16 MP: 7/7
   518 | D:1      | Learned a level 3 spell: Confusing Touch
   994 | D:2      | Reached XP level 4. HP: 21/21 MP: 8/8
  1535 | D:3      | Reached skill level 1 in Ice Magic
  1952 | D:3      | Found a faded altar of an unknown god.
  1957 | D:3      | Reached XP level 5. HP: 24/24 MP: 9/9
  2418 | D:3      | Learned a level 3 spell: Tukima's Dance
  2469 | D:4      | Slain by a gnoll

Illustrated notes

Levels and vault maps discovered:
D:1:      minmay_arrival_open_corners, layout_basic, serial_rivers,
          chequers_serial_rivers_large_b, chequers_serial_rivers_large_a,
          chequers_serial_rivers_small_a, chequers_serial_rivers_micro_c,
          chequers_serial_rivers_micro_e, chequers_serial_rivers_micro_e
D:2:      layout_basic
D:3:      layout_basic, dreamdust_ecumenical_altar_hidden_monk_grotto
D:4:      layout_basic, minmay_temple_entry_arrows, kennysheep_crisscross,
          roderic_roman_lattice

Skill      XL: |  1  2  3  4  5 |
---------------+----------------+-----
Short Blades   | 1 2 |  2.0
Stealth        | 4 |  4.5
Dodging        | 2 |  2.8
Ice Magic      | 1 |  1.7
Spellcasting   | |  2.1
Hexes          | |  3.6

Action                     |  1- 3 |  4- 6 || total
---------------------------+-------+-------++-------
  Melee: Dagger            |    62 |    43 ||   105
         Bite              |    13 |     9 ||    22
         Punch             |     1 |     1 ||     2
         Short sword       |       |     5 ||     5
   Cast: Ensorcelled Hiber |     4 |     4 ||     8
    Use: Scroll            |       |     4 ||     4
   Stab: Sleeping          |    14 |    11 ||    25
 Armour: Robe              |    29 |    35 ||    64
  Dodge: Dodged            |    47 |    26 ||    73
